 Dungeon Crawl Stone Soup version 0.28.0-53-g5a82cb258f (webtiles) character file.

Game seed: 16559243196079203995

163620 pkoi the Destroyer (level 16, -7/132 HPs)
             Began as a Demigod Ice Elementalist on June 2, 2022.
             Mangled by a snapping turtle (21 damage)
             ... on level 4 of the Shoals.
             The game lasted 01:51:06 (48687 turns).

pkoi the Destroyer (Demigod Ice Elementalist)      Turns: 48687, Time: 01:51:07

Health: -7/132     AC: 20    Str:  4    XL:     16   Next: 69%
Magic:  21/36      EV: 18    Int: 50    God:
Gold:   2134       SH:  0    Dex: 19    Spells: 6/37 levels left

rFire   . . .      SeeInvis .   q - +4 great sword of the Other Side {drain, *Noise rPois rC++ Dex+3}
rCold   + + .      Faith    .   (shield currently unavailable)
rNeg    . . .      Spirit   .   H - +0 robe of Jokij {rElec Regen+ Str-5 Int+5}
rPois   +          Reflect  .   F - +2 helmet
rElec   +          Harm     .   R - scarf {shadows}
rCorr   .          Rampage  .   w - +0 pair of gloves
Will    +....      Clarity  +   i - +1 pair of boots
Stlth   ++++......              D - amulet of magic regeneration
HPRegen 1.12/turn               E - ring of flight
MPRegen 0.65/turn               P - +6 ring of intelligence

@: ice-armoured, freezing walls, flying, studying Short Blades
A: high MP 1, forlorn, divine attributes, thin skeletal structure 1, clarity,
clever 1
a: no special abilities


You were on level 4 of the Shoals.
You visited 5 branches of the dungeon, and saw 28 of its levels.

You collected 2694 gold pieces.
You spent 560 gold pieces at shops.

Inventory:

Hand Weapons
 a - a +6 short sword of venom
 e - the +9 trident "Bata" {vorpal, rN+}
   (You bought it in a shop on level 2 of the Orcish Mines)

   It inflicts extra damage upon your enemies.
   rN:        It protects you from negative energy.
 o - a +2 hunting sling of flaming
 q - the +4 great sword of the Other Side (weapon) {drain, *Noise rPois rC++ Dex+3}
   (You found it on level 13 of the Dungeon)

   A truly terrible weapon, it drains the life of any living foe it strikes.
   Dex:       It affects your dexterity (+3).
   rC:        It greatly protects you from cold.
   rPois:     It protects you from poison.
   *Noise:    It may make noises in combat.
Missiles
 m - 3 throwing nets
 n - 1092 stones
 y - 34 poisoned darts
 B - 374 sling bullets
 N - 2 curare-tipped darts
Armour
 i - a +1 pair of boots (worn)
 w - a +0 pair of gloves (worn)
 F - a +2 helmet (worn)
 H - the +0 robe of Jokij (worn) {rElec Regen+ Str-5 Int+5}
   (You found it on level 10 of the Dungeon)

   Str:       It affects your strength (-5).
   Int:       It affects your intelligence (+5).
   rElec:     It insulates you from electricity.
   Regen:     It increases your rate of health regeneration.
 R - a scarf of shadows (worn)
Magical Staves
 K - a staff of conjuration
Jewellery
 x - a ring of willpower
 z - a ring of positive energy
 D - an amulet of magic regeneration (around neck)
 E - a ring of flight (left hand)
 L - a ring of resist corrosion
 P - a +6 ring of intelligence (right hand)
 W - a ring of see invisible
 X - a ring of wizardry
 Z - the ring "Qobif" {Ice rElec rPois Int+4 SInv}
   (You found it on level 2 of the Snake Pit)

   [ring of ice]

   It enhances your ice magic.
   Int:       It affects your intelligence (+4).
   rF:        It makes you vulnerable to fire.
   rC:        It protects you from cold.
   rElec:     It insulates you from electricity.
   rPois:     It protects you from poison.
   SInv:      It lets you see invisible.
Wands
 f - a wand of mindburst (3)
 g - a wand of acid (23)
 j - a wand of charming (24)
 p - a wand of flame (21)
 A - a wand of iceblast (13)
 M - a wand of polymorph (19)
 O - a wand of paralysis (6)
Scrolls
 b - 3 scrolls of summoning
 c - 10 scrolls of blinking
 l - 14 scrolls of identify
 s - 13 scrolls of teleportation
 u - 8 scrolls of fear
 C - 2 scrolls of enchant armour
 G - 4 scrolls of silence
 Q - a scroll of enchant weapon
 U - a scroll of holy word
Potions
 d - 4 potions of resistance
 h - 4 potions of might
 k - 7 potions of curing
 r - a potion of ambrosia
 t - 5 potions of heal wounds
 v - 3 potions of brilliance
 I - 4 potions of haste
 J - 4 potions of flight
 T - 2 potions of cancellation
 Y - 2 potions of invisibility


   Skills:
 - Level 9.0 Fighting
 - Level 9.0 Dodging
 - Level 6.0 Stealth
 - Level 9.2 Unarmed Combat
 + Level 11.0 Spellcasting
 + Level 11.5 Conjurations
 - Level 6.0 Hexes
 - Level 6.0 Translocations
 - Level 6.0 Fire Magic
 - Level 10.0 Ice Magic
 - Level 6.0 Air Magic
 + Level 7.3 Earth Magic
 - Level 9.0 Evocations


You had 6 spell levels left.
You knew the following spells:

 Your Spells              Type           Power      Damage    Failure   Level
a - Stone Arrow           Conj/Erth      100%       3d13      1%          3
b - Frozen Ramparts       Ice            100%       1d12      1%          3
c - Ozocubu's Armour      Ice            91%        N/A       1%          3
d - Ensorcelled Hibernat  Hex/Ice        100%       N/A       1%          2
e - Hailstorm             Conj/Ice       94%        3d19      1%          4
f - Static Discharge      Conj/Air       86%        N/A       1%          2
g - Sticky Flame          Conj/Fire      86%        2d10      1%          4
h - Passage of Golubria   Tloc           72%        N/A       1%          4
i - Iron Shot             Conj/Erth      44%        9d9       2%          6

Your spell library contained the following spells:

 Spells                   Type           Power      Damage    Failure   Level
 Freeze                   Ice            100%       1d11      0%          1
 Animate Skeleton         Necr           54%        N/A       1%          1
 Foxfire                  Conj/Fire      100%       2x1d9     1%          1
 Pain                     Necr           100%       1d9       1%          1
 Corpse Rot               Necr/Air       100%       N/A       1%          2
 Passwall                 Tmut/Erth      49%        N/A       1%          2
 Conjure Flame            Conj/Fire      86%        6-21      1%          3
 Inner Flame              Hex/Fire       72%        N/A       1%          3
 Swiftness                Air            72%        N/A       1%          3
 Flame Wave               Conj/Fire      86%        2d15      1%          4
 Ice Form                 Ice/Tmut       67%        N/A       1%          4
 Summon Ice Beast         Ice/Summ       67%        N/A       1%          4
 Metabolic Englaciation   Hex/Ice        41%        N/A       1%          5
 Silence                  Hex/Air        36%        N/A       1%          5
 Vampiric Draining        Necr           27%        2d7       2%          3
 Summon Forest            Summ/Tloc      27%        N/A       6%          5
 Summon Mana Viper        Hex/Summ       55%        N/A       6%          5
 Dispel Undead            Necr           27%        3d13      8%          4
 Simulacrum               Ice/Necr       33%        N/A       16%         6
 Death Channel            Necr           13%        N/A       77%         6
 Summon Cactus Giant      Summ           13%        N/A       77%         6
 Lehudib's Crystal Spear  Conj/Erth      44%        10d11     73%         8


Dungeon Overview and Level Annotations

Branches:
Dungeon (13/15)            Temple (0/1) D:7            Lair (6/6) D:10
 Shoals (4/4) Lair:4        Snake (3/4) Lair:2        Slime (0/5) Lair:6
    Orc (2/2) D:9             Elf (0/3) Orc:2
 Vaults: D:13-14

Shops:
D:11 *   D:12 *   Orc:2 [[((   Snake:1 ?*

Annotations:
D:12 Nergalle
Lair:3 1 runed translucent door, Qucwipti's ghost, journeyman TrGl


Innate Abilities, Weirdness & Mutations

You have an increased reservoir of magic. (+10% MP)
You shall have no god before yourself.
Your divine heritage dramatically boosts your attributes as you level up.
You have a somewhat thin skeletal structure. (Dex +2, Stealth+)
You possess an exceptional clarity of mind.
Your mind is acute. (Int +2)


Message History

Aim: a harpy (almost dead, 78% to hit)
The stone arrow hits the harpy!!
You kill the harpy!
The wall freezes the harpy.
The harpy claws you but does no damage. x2
The wall freezes the harpy.
The harpy closely misses you. The harpy misses you.
The wall freezes the harpy.
The harpy claws you.
* * * LOW HITPOINT WARNING * * *
The harpy misses you.
The wall freezes the harpy.
You kill the harpy!
The wall freezes the harpy.
The harpy claws you but does no damage. The harpy claws you!
* * * LOW HITPOINT WARNING * * *
Your Spellcasting skill increases to level 11!
Aiming: Stone Arrow (safe; 1% risk of failure)
Press: ? - help, Q - select action, (/) - cycle Shift-Dir - straight line, f - harpy
Aim: a harpy (almost dead, 78% to hit)
The stone arrow hits the harpy!!
You kill the harpy!
The wall freezes the water elemental!
Aiming: Stone Arrow (safe; 1% risk of failure)
Press: ? - help, Q - select action, (/) - cycle Shift-Dir - straight line, f - water elemental
Aim: a water elemental (moderately damaged, 87% to hit)
The stone arrow hits the water elemental!!
The water elemental is severely damaged.
The wall freezes the water elemental.
The water elemental hits you.
The water elemental engulfs you in water!
Unknown command.
You cannot cast spells while unable to breathe!
You cannot cast spells while unable to breathe!
Unknown command.
You barely miss the water elemental.
The water elemental is almost destroyed.
* * * LOW HITPOINT WARNING * * *
Your lungs strain for air!
The wall freezes the water elemental!
You destroy the water elemental!
You gasp with relief as air once again reaches your lungs.
The wall freezes the snapping turtle.
The snapping turtle seems to slow down.
The snapping turtle bites you from afar!!
You die...

.≈#≈.≈.#..#
.≈≈.≈[.#..#
.#≈.≈#.#..#
.≈≈.≈#.#..#
..≈≈ ..#..#
..≈≈ ..#..#
..≈ #..#..#
...#..#
#@.#
#######†.#
≈≈≈≈.≈†t≈#
≈...≈#≈.≈#
.≈≈≈ ≈≈..#
≈#. ≈.≈#≈#
t≈ ≈≈.≈≈≈#
. ≈<.#≈#≈#
≈≈H≈.HH #


You could see a snapping turtle (slow).

Vanquished Creatures
  A caustic shrike (Orc:2)
  Ilsuiw (Shoals:2)
  Aizul (Snake:1)
  4 merfolk javelineers
  3 merfolk impalers
  7 hydras
  4 boulder beetles
  2 naga warriors
  A centaur warrior (Shoals:3)
  3 merfolk avatars
  4 two-headed ogres
  3 anacondas
  An alligator snapping turtle (Shoals:1)
  2 satyrs (Shoals:3)
  19 death yaks
  A merfolk aquamancer (Shoals:2)
  The ghost of mrw3rdna the Arsonist, a novice DrFE of Vehumet (D:9)
  Urug (Orc:1)
  5 shock serpents
  5 naga sharpshooters (Snake:2)
  Sonja (Lair:3)
  3 salamander mystics
  12 sea snakes
  6 mana vipers
  2 naga ritualists (Snake:3)
  20 harpies
  A deep elf pyromancer (D:11)
  3 orc knights (Orc:2)
  5 salamanders
  An orc sorcerer (Orc:2)
  An ugly thing (D:11)
  20 fauns
  6 manticores
  2 wolf spiders (Lair:6)
  9 cyclopes
  17 elephants
  10 merfolk sirens
  28 black mambas
  Joseph (D:7)
  3 guardian serpents
  11 naga magi
  3 centaur zombies
  A torpor snail (Lair:6)
  5 water nymphs
  5 rime drakes (Lair:6)
  A gargoyle (D:13)
  21 cane toads
  2 unseen horrors
  10 komodo dragons
  3 harpy zombies (Shoals:2)
  20 merfolk
  7 trolls
  3 meliai (D:13)
  4 polar bears
  5 wind drakes
  3 hornets
  11 blink frogs
  4 slime creatures (D:12)
  4 snapping turtles
  12 dream sheep
  A shadow (D:11)
  An air elemental (Shoals:4)
  60 yaks
  16 water elementals
  5 wraiths
  12 wyverns
  A ynoxinul (D:9)
  5 basilisks
  2 steam dragons (Lair:6)
  7 vampire mosquitoes
  A warg (Orc:2)
  32 nagas
  4 acid dragons
  19 water moccasins
  2 hell hounds (Lair:5)
  34 orc warriors
  An ice beast (D:6)
  A swamp drake (Lair:6)
  A manticore zombie (Shoals:2)
  10 ogres
  8 wolves
  20 centaurs
  3 kobold brigands
  Blork the orc (D:4)
  2 gnoll sergeants (D:9)
  8 bullfrogs
  A wyvern zombie (D:9)
  A scorpion (D:7)
  6 killer bees
  3 vampire bats (D:8)
  4 wights (D:9)
  3 electric eels (Snake:1)
  3 howler monkeys
  A bullfrog zombie (D:5)
  8 orc priests
  2 centaur skeletons
  A gnoll shaman (D:6)
  2 hounds
  3 jellies
  Jessica (D:2)
  15 orc wizards
  8 iguanas
  13 hell rats
  A hound zombie (D:5)
  A howler monkey zombie (D:9)
  8 gnolls
  2 howler monkey skeletons
  8 adders
  2 ufetubi (D:5)
  2 worms (D:2)
  3 dart slugs
  51 orcs
  2 ball pythons
  2 bats
  5 bat skeletons (D:8)
  3 bat zombies
  3 endoplasms
  4 giant cockroaches
  5 goblins
  4 hobgoblins
  2 jackals (D:2)
  20 kobolds
  6 frilled lizards (D:1)
  6 rats
827 creatures vanquished.

Vanquished Creatures (others)
  83 fungi
  301 plants
384 creatures vanquished.

Grand Total: 1211 creatures vanquished

Notes
Turn   | Place    | Note
-------+----------+-------------------------------------------
     0 | D:1      | pkoi the Demigod Ice Elementalist began the quest for the
                  | Orb.
     0 | D:1      | Reached XP level 1. HP: 14/14 MP: 5/5
   240 | D:1      | Reached XP level 2. HP: 20/20 MP: 2/7
  1119 | D:2      | Reached XP level 3. HP: 9/26 MP: 1/8
  1528 | D:2      | Learned a level 3 spell: Frozen Ramparts
  2426 | D:2      | Reached skill level 5 in Ice Magic
  2617 | D:2      | Noticed Jessica
  2624 | D:2      | Killed Jessica
  2625 | D:2      | Reached XP level 4. HP: 11/33 MP: 6/10
  3384 | D:3      | Reached skill level 1 in Evocations
  3790 | D:4      | Reached XP level 5. HP: 38/38 MP: 7/11
  4056 | D:4      | Noticed Blork the orc
  4064 | D:4      | Killed Blork the orc
  4661 | D:4      | Gained mutation: You have a somewhat thin skeletal
                  | structure. (Dex +2, Stealth+) [potion of mutation]
  4661 | D:4      | Gained mutation: Your mind is acute. (Int +2) [potion of
                  | mutation]
  4661 | D:4      | Gained mutation: You possess an exceptional clarity of
                  | mind. [potion of mutation]
  5239 | D:4      | Learned a level 3 spell: Ozocubu's Armour
  5251 | D:5      | Entered Level 5 of the Dungeon
  5264 | D:5      | Reached XP level 6. HP: 45/45 MP: 9/13
  5750 | D:5      | Reached skill level 1 in Fighting
  6250 | D:5      | Reached XP level 7. HP: 49/52 MP: 10/14
  7027 | D:5      | Learned a level 2 spell: Ensorcelled Hibernation
  8551 | D:7      | Noticed a cyclops
  8633 | D:7      | Noticed a hornet
  8639 | D:7      | Killed a hornet
  8640 | D:7      | Reached skill level 1 in Hexes
  8640 | D:7      | Reached XP level 8. HP: 60/62 MP: 7/16
  9179 | D:7      | Learned a level 4 spell: Hailstorm
  9218 | D:7      | Killed a cyclops
  9219 | D:7      | Reached skill level 1 in Conjurations
  9395 | D:7      | Noticed Joseph
  9406 | D:7      | Killed Joseph
  9689 | D:7      | Killed an unseen horror
  9690 | D:7      | Reached XP level 9. HP: 37/71 MP: 12/18
 10363 | D:7      | Found a staircase to the Ecumenical Temple.
 10856 | D:8      | Noticed a cyclops
 10870 | D:8      | Killed a cyclops
 11236 | D:8      | Noticed a two-headed ogre
 11242 | D:8      | Killed a two-headed ogre
 11243 | D:8      | Reached skill level 5 in Dodging
 12373 | D:9      | Reached XP level 10. HP: 42/80 MP: 13/20
 13233 | D:9      | Noticed mrw3rdna's ghost (novice DrFE)
 13268 | D:9      | Reached skill level 5 in Spellcasting
 13274 | D:9      | Reached skill level 5 in Fighting
 13493 | D:9      | Found a staircase to the Orcish Mines.
 13903 | D:9      | Found a runed translucent door.
 14246 | D:10     | Entered Level 10 of the Dungeon
 14401 | D:10     | Reached skill level 10 in Ice Magic
 14499 | D:10     | Identified the +0 robe of Jokij {rElec Regen+ Str-5 Int+5}
 14927 | D:10     | Found a staircase to the Lair.
 15188 | Lair:1   | Entered Level 1 of the Lair of Beasts
 15459 | Lair:1   | Noticed a black mamba
 15471 | Lair:1   | Killed a black mamba
 15632 | Lair:1   | Reached skill level 5 in Evocations
 15632 | Lair:1   | Reached XP level 11. HP: 77/89 MP: 16/22
 15762 | Lair:1   | Noticed a four-headed hydra
 15774 | Lair:1   | Killed a four-headed hydra
 15775 | Lair:1   | Reached skill level 5 in Conjurations
 16028 | Lair:1   | Noticed a four-headed hydra
 16048 | Lair:1   | Killed a four-headed hydra
 16049 | Lair:1   | Reached skill level 5 in Hexes
 16639 | Lair:2   | Found a staircase to the Snake Pit.
 17164 | Lair:2   | Noticed a boulder beetle
 17200 | Lair:2   | Killed a boulder beetle
 17201 | Lair:2   | Reached skill level 5 in Stealth
 17484 | Lair:3   | Noticed an eight-headed hydra
 17499 | Lair:3   | Killed an eight-headed hydra
 17500 | Lair:3   | Reached skill level 1 in Unarmed Combat
 18061 | Lair:3   | Found a runed translucent door.
 18064 | Lair:3   | Noticed a spriggan rider
 18064 | Lair:3   | Noticed Qucwipti's ghost (journeyman TrGl)
 18067 | Lair:3   | Identified the +9 trident of the Beginning {vorpal, rC+
                  | Dex+2}
 18067 | Lair:3   | Noticed a spriggan rider
 18482 | Lair:3   | Learned a level 2 spell: Static Discharge
 18487 | Lair:3   | Learned a level 4 spell: Sticky Flame
 18500 | Lair:3   | Noticed Sonja
 18827 | Lair:3   | Reached XP level 12. HP: 73/96 MP: 20/25
 18899 | Lair:3   | Killed Sonja
 18900 | Lair:3   | Reached skill level 1 in Fire Magic
 18900 | Lair:3   | Reached skill level 1 in Air Magic
 20171 | Lair:4   | Reached skill level 5 in Unarmed Combat
 20490 | Lair:4   | Identified the +2 leather armour of the Wheelwright {Fly
                  | Str+3 Int+2}
 20618 | Lair:4   | Noticed a four-headed hydra
 20620 | Lair:4   | Found a staircase to the Shoals.
 20628 | Lair:4   | Killed a four-headed hydra
 20881 | Lair:5   | Noticed a five-headed hydra
 20901 | Lair:5   | Killed a five-headed hydra
 21139 | Lair:5   | Reached XP level 13. HP: 61/105 MP: 26/26
 22059 | Lair:6   | Entered Level 6 of the Lair of Beasts
 23958 | Lair:6   | Reached XP level 14. HP: 48/116 MP: 13/27
 24112 | Lair:6   | Identified the +0 chain mail of the Shore {Harm}
 24458 | Lair:6   | Paralysed by a hornet for 2 turns
 24923 | Lair:6   | Found a staircase to the Slime Pits.
 26645 | D:11     | Found Fuys's General Store.
 28084 | D:11     | Reached skill level 5 in Fire Magic
 28084 | D:11     | Reached skill level 5 in Air Magic
 28233 | Orc:1    | Entered Level 1 of the Orcish Mines
 28299 | Orc:1    | Noticed Urug
 28310 | Orc:1    | Killed Urug
 28555 | Orc:1    | Learned a level 4 spell: Passage of Golubria
 29037 | Orc:2    | Entered Level 2 of the Orcish Mines
 29037 | Orc:2    | Noticed Saint Roka
 29161 | Orc:2    | Found a staircase to the Elven Halls.
 29635 | Orc:2    | Reached skill level 1 in Translocations
 32151 | Orc:2    | Noticed Saint Roka
 32151 | Orc:2    | Saint Roka changed into Saint Roka the caustic shrike
 32483 | Orc:2    | Killed Saint Roka the caustic shrike
 32743 | Orc:2    | Found Huwim's Weapon Shoppe.
 32743 | Orc:2    | Found Taesax's Armour Shop.
 32744 | Orc:2    | Found Zusseske's Antique Armour Boutique.
 32746 | Orc:2    | Found Osuvul's Antique Weapon Emporium.
 32758 | Orc:2    | Bought a scorched trident for 280 gold pieces
 32758 | Orc:2    | Identified the +9 trident "Bata" {vorpal, rN+} (You bought
                  | it in a shop on level 2 of the Orcish Mines)
 32912 | D:9      | Killed mrw3rdna's ghost
 32944 | D:9      | Got Sif Muna's Almanac of Stones
 33037 | D:12     | Found Iceil's Gadget Gallery.
 33582 | D:12     | Noticed Nergalle
 34981 | D:13     | Identified the +4 great sword of the Other Side {drain,
                  | *Noise rPois rC++ Dex+3}
 35768 | Snake:1  | Entered Level 1 of the Snake Pit
 35904 | Snake:1  | Reached XP level 15. HP: 82/124 MP: 22/28
 36102 | Snake:1  | Learned a level 3 spell: Stone Arrow
 36613 | Snake:1  | Found Cauggahy's Assorted Antiques.
 36624 | Snake:1  | Bought a scratched coral ring for 140 gold pieces
 36624 | Snake:1  | Bought a sapphire ring for 140 gold pieces
 36643 | Snake:1  | Found Eprazaif's Magic Scroll Shoppe.
 36671 | Snake:1  | Noticed Aizul
 37441 | Snake:1  | Killed Aizul
 38600 | Snake:2  | Reached skill level 1 in Earth Magic
 38701 | Snake:2  | Found a runed translucent door.
 38701 | Snake:2  | Identified the ring "Qobif" {Ice rElec rPois Int+4 SInv}
 40017 | Snake:3  | Reached skill level 5 in Translocations
 40255 | Snake:3  | HP: 3/124 [constriction (4)]
 40622 | Shoals:1 | Entered Level 1 of the Shoals
 40998 | Shoals:1 | Learned a level 6 spell: Iron Shot
 41098 | Shoals:1 | Identified the +1 leather armour of Words of Power {rN+
                  | Str+2 Dex+3}
 41776 | Shoals:1 | Reached skill level 10 in Conjurations
 42850 | Shoals:2 | Noticed Ilsuiw
 43054 | Shoals:2 | Reached XP level 16. HP: 57/132 MP: 19/34
 43482 | Shoals:2 | Killed Ilsuiw
 44103 | Shoals:2 | Reached skill level 5 in Earth Magic
 44321 | Shoals:3 | Reached skill level 10 in Spellcasting
 45276 | Shoals:3 | HP: 6/132 [snapping turtle (18)]
 47481 | Shoals:4 | Entered Level 4 of the Shoals
 48687 | Shoals:4 | Mangled by a snapping turtle

Illustrated notes

Levels and vault maps discovered:
D:1:      heliophobic_arrival_enchanted_forest, layout_basic,
          minmay_heptomino_l4
D:2:      layout_basic, hellmonk_ecumenical_altar_lost_god, uniq_jessica
D:3:      layout_rooms
D:4:      layout_gridville, uniq_blork_the_orc
D:5:      layout_basic, minmay_misc_feat_square, minmay_stone_trees_small
D:6:      layout_rooms, elyvilon_altar_3, minivault_27, roderic_lattice_a
D:7:      layout_basic, minmay_temple_entry_glassed_door, uniq_joseph
D:8:      layout_loops_ring, kennysheep_vampire_church
D:9:      layout_cave_pods, orc_0_dummy, hellmonk_ghost_big_iron, st_stairs_10
D:10:     layout_rooms, lair_entry_dummy
D:11:     wad_woods_structure_01, layout_irregular_city, serial_shops, shop,
          nrook_pool_corridor
D:12:     layout_gridville, glass_columns_a, minmay_misc_feat_diagonals,
          hangedman_decor_lopped, nicolae_shop_gadgets, uniq_nergalle
D:13:     layout_long_grid, grunt_decor_one_mirror
Lair:1:   layout_regular_city
Lair:2:   layout_loops_ring, minmay_snake_entry_guardpost_small,
          nzn_masters_of_martial_movement, grunt_megastairs_3,
          infiniplex_staircase_pool_2
Lair:3:   layout_roguey, ebering_ghost_funeral_grove, uniq_sonja
Lair:4:   layout_loops_ring, elwin_shoals_entry_rocks
Lair:5:   layout_loops_ring, enter_volcano_3, serial_bayou_crossing
Lair:6:   hangedman_lair_tendril_chambers, layout_cellular_growth,
          guppyfry_lair_end_dragon, slime_dummy, chequers_serial_rivers_micro_e,
          lemuel_fruit_tree
Shoals:1: layout_shoals
Shoals:2: layout_shoals, nicolae_shoals_undead_eyrie, uniq_ilsuiw
Shoals:3: layout_shoals
Shoals:4: shoals_end_hellmonk_storm_palace [storm_palace_center_circular,
          storm_palace_corner_grid, storm_palace_corner_altar,
          storm_palace_corner_blocked, storm_palace_corner_grid]
Snake:1:  layout_onion_interference, serial_bayou_ford_a, serial_bayou_shore_a,
          minmay_shoptagon, uniq_aizul
Snake:2:  layout_rooms, st_stairs_7, drop_trap, nicolae_snake_slithery_hallway,
          lightli_airlock
Snake:3:  layout_layer_cave
Orc:1:    layout_caves, uniq_urug
Orc:2:    st_orc_rangers, layout_diamond_mine, uniq_saint_roka

Skill      XL: |  1  2  3  4  5  6  7  8  9 10 11 12 13 14 15 16 |
---------------+-------------------------------------------------+-----
Ice Magic      | 4 5 6 7 8 9 10 | 10.0
Spellcasting   | 2 3 4 5 6 9 11 | 11.0
Evocations     | 1 2 3 5 6 7 8 9 |  9.0
Dodging        | 2 3 4 5 6 7 8 9 |  9.0
Fighting       | 1 2 3 4 5 6 7 8 9 |  9.0
Stealth        | 2 3 6 |  6.0
Hexes          | 1 2 3 4 6 |  6.0
Conjurations   | 1 3 4 6 7 8 9 10 11 | 11.5
Unarmed Combat | 3 5 7 9 |  9.2
Fire Magic     | 3 6 |  6.0
Air Magic      | 3 6 |  6.0
Translocations | 3 6 |  6.0
Earth Magic    | 4 7 |  7.3

Action                   |  1- 3 |  4- 6 |  7- 9 | 10-12 | 13-15 | 16-18 || total
-------------------------+-------+-------+-------+-------+-------+-------++-------
Melee: Unarmed           |     2 |       |       |       |       |       ||     2
       Short sword       |     6 |    24 |   144 |   311 |   481 |       ||   966
       Punch             |       |       |     4 |    11 |    55 |       ||    70
       Trident           |       |       |       |       |   104 |       ||   104
       Great sword       |       |       |       |       |    43 |    22 ||    65
 Fire: Hunting sling     |    16 |    92 |     2 |    26 |     6 |       ||   142
 Cast: Freeze            |    58 |       |       |    18 |     5 |       ||    81
       Frozen Ramparts   |     4 |    12 |    31 |    76 |   151 |    13 ||   287
       Ozocubu's Armour  |       |       |    27 |    70 |   145 |    14 ||   256
       Ensorcelled Hiber |       |       |       |     3 |     8 |       ||    11
       Hailstorm         |       |       |       |    11 |   101 |    46 ||   158
       Sticky Flame      |       |       |       |     3 |    92 |       ||    95
       Static Discharge  |       |       |       |       |     5 |       ||     5
       Stone Arrow       |       |       |       |       |   253 |   198 ||   451
       Iron Shot         |       |       |       |       |    13 |     9 ||    22
Evoke: Wand              |       |       |     1 |       |     5 |     1 ||     7
  Use: Scroll            |     6 |     4 |     8 |     5 |     7 |     2 ||    32
       Potion            |       |     2 |     1 |       |     5 |     1 ||     9
 Stab: Sleeping          |     1 |       |     5 |     8 |    16 |       ||    30
       Invisible         |       |       |       |       |     2 |       ||     2
       Distracted        |       |       |       |       |     1 |       ||     1
Armor: Robe              |     9 |    18 |    94 |   214 |   406 |    90 ||   831
Dodge: Dodged            |    25 |    42 |   166 |   363 |  1104 |   261 ||  1961
